 Dungeon Crawl Stone Soup version 0.21-a0-171-g0f4a3b6 (webtiles) character file.

89 Goblin1989 the Firebug (level 4, 8/24 HPs)
             Began as a Deep Elf Fire Elementalist on Aug 7, 2017.
             Quit the game in the Ecumenical Temple.
             The game lasted 00:09:06 (785 turns).

Goblin1989 the Firebug (Deep Elf Fire Elementalist)  Turns: 785, Time: 00:09:06

Health: 8/24       AC:  4    Str:  8    XL:     4   Next: 31%
Magic:  5/11       EV: 13    Int: 21    God:
Gold:   68         SH:  0    Dex: 18    Spells: 3/10 levels left

rFire    . . .     SeeInvis .   o - +0 dagger (speed)
rCold    . . .     Gourm    .   (no shield)
rNeg     . . .     Faith    .   a - +0 robe
rPois    .         Spirit   .   (no helmet)
rElec    .         Reflect  .   n - +0 cloak
rCorr    .         Harm     .   (no gloves)
MR       .....                  h - +0 pair of boots
Stlth    ++........             (no amulet)
HPRegen  0.08/turn              i - +3 ring of dexterity
MPRegen  0.12/turn              m - +3 ring of strength

@: no status effects
A: no striking features
a: no special abilities


You were in the Ecumenical Temple.
You were not hungry.

You visited 2 branches of the dungeon, and saw 6 of its levels.

You collected 68 gold pieces.

Inventory:

Hand Weapons
 l - a +2 whip of pain
 o - a +0 dagger of speed (weapon)
Armour
 a - a +0 robe (worn)
 h - a +0 pair of boots (worn)
 n - a +0 cloak (worn)
Jewellery
 i - a +3 ring of dexterity (left hand)
 m - a +3 ring of strength (right hand)
Scrolls
 g - a scroll of random uselessness {unknown}
 j - 3 scrolls of identify {unknown}
 k - a scroll of remove curse {unknown}
 p - a scroll of immolation {unknown}
 s - 3 scrolls of holy word {unknown}
Potions
 f - a potion of resistance {unknown}
 q - a potion of heal wounds {unknown}
Books
 b - a book of Flames

   Spells                             Type                      Level
   a - Flame Tongue                   Conjuration/Fire             1
   b - Throw Flame                    Conjuration/Fire             2
   c - Conjure Flame                  Conjuration/Fire             3
   d - Inner Flame                    Hexes/Fire                   3
   e - Sticky Flame                   Conjuration/Fire             4
   f - Fireball                       Conjuration/Fire             5
Comestibles
 e - 3 bread rations {@e1}
 r - 2 meat rations {@e2}


   Skills:
 - Level 2.4 Dodging
 - Level 2.4 Stealth
 + Level 3.8 Spellcasting
 * Level 2.8 Conjurations
 * Level 4.5 Fire Magic


You had 3 spell levels left.
You knew the following spells:

 Your Spells              Type           Power        Failure   Level  Hunger
a - Flame Tongue          Conj/Fire      ###..        2%          1    None
b - Inner Flame           Hex/Fire       ##......     14%         3    ###....
j - Conjure Flame         Conj/Fire      ###.....     9%          3    ###....


Dungeon Overview and Level Annotations

Branches:
Dungeon (5/15)             Temple (1/1) D:5

Altars:
Cheibriados
Dithmenos
Elyvilon
Fedhas
Gozag
Hepliaklqana
Kikubaaqudgha
Makhleb
Nemelex Xobeh
Okawaru
Qazlal
Ru
Trog
Uskayaw
Wu Jian
Xom
Zin


Message History

Aiming: Flame Tongue
Press: ? - help, Shift-Dir - straight line, f - quokka
Aim: a quokka You miscast Flame Tongue.
You are very lightly contaminated with residual magic.
Nothing appears to happen.
You now have 4/10 mp.
Casting: Flame Tongue
Confirm with . or Enter, or press ? or * to list all spells.
Aiming: Flame Tongue
Press: ? - help, Shift-Dir - straight line, f/p - quokka
Aim: a quokka The flame tongue hits the quokka.
You kill the quokka!
You now have 3/10 mp.
Casting: Flame Tongue
Confirm with . or Enter, or press ? or * to list all spells.
You can't see any susceptible monsters within range! (Use Z to cast anyway.) Unknown command.
Memorise Conjure Flame, consuming 3 spell levels and leaving 5?
You start memorising the spell.
You continue memorising. x3
You finish memorising.
Spell assigned to 'j'.
Memorise Inner Flame, consuming 3 spell levels and leaving 2?
You start memorising the spell.
You continue memorising. x3
You finish memorising.
Spell assigned to 'b'.
Unknown command.
Your magical contamination has completely faded away.
You see here a war axe.
A centaur zombie comes into view.
The centaur zombie moves out of view.
Found a staircase to the Ecumenical Temple.
You hit the centaur zombie.
The centaur zombie is lightly damaged.
Casting: Flame Tongue
Confirm with . or Enter, or press ? or * to list all spells.
Aiming: Flame Tongue
Press: ? - help, Shift-Dir - straight line, f - centaur zombie
Aim: a centaur zombie (lightly damaged)
The flame tongue hits the centaur zombie.
The centaur zombie is lightly damaged.
The centaur zombie hits you. x2
You take 8 damage, and have 9/19 hp.
MASSIVE DAMAGE!!
You now have 5/10 mp.
Casting: Flame Tongue
Confirm with . or Enter, or press ? or * to list all spells.
Aiming: Flame Tongue
Press: ? - help, Shift-Dir - straight line, f/p - centaur zombie
Aim: a centaur zombie (lightly damaged)
The flame tongue hits the centaur zombie.
The centaur zombie is moderately damaged.
The centaur zombie closely misses you.
You now have 4/10 mp.
Casting: Flame Tongue
Confirm with . or Enter, or press ? or * to list all spells.
Aiming: Flame Tongue
Press: ? - help, Shift-Dir - straight line, f/p - centaur zombie
Aim: a centaur zombie (moderately damaged)
The flame tongue hits the centaur zombie.
The centaur zombie is heavily damaged.
The centaur zombie misses you.
You now have 3/10 mp.
Unknown command.
Casting: Flame Tongue
Confirm with . or Enter, or press ? or * to list all spells.
Aiming: Flame Tongue
Press: ? - help, Shift-Dir - straight line, f/p - centaur zombie
Aim: a centaur zombie (heavily damaged)
The flame tongue hits the centaur zombie.
The centaur zombie is almost destroyed.
The centaur zombie hits you.
* * * LOW HITPOINT WARNING * * *
The centaur zombie hits you but does no damage.
You take 5 damage, and have 4/19 hp.
MASSIVE DAMAGE!!
You now have 2/10 mp.
Unknown command.
Casting: Flame Tongue
Confirm with . or Enter, or press ? or * to list all spells.
Aiming: Flame Tongue
Press: ? - help, Shift-Dir - straight line, f/p - centaur zombie
Aim: a centaur zombie (almost destroyed)
The flame tongue hits the centaur zombie.
You destroy the centaur zombie!
You have reached level 4!
You feel clever.
You now have 1/11 mp.
There is a staircase to the Ecumenical Temple here.
You climb downwards.
Welcome to the Ecumenical Temple!
Found twelve altars.
There is a staircase back to the Dungeon here.
Found a stormy altar of Qazlal.
There is an iron altar of Okawaru here.
There is an iron altar of Okawaru here.
There is a staircase back to the Dungeon here.
Found a hide-covered altar of Uskayaw.
There is a white marble altar of Elyvilon here.
Found a burning altar of Makhleb.
There is an opulent altar of Gozag here.
There is an opulent altar of Gozag here.
There is a staircase back to the Dungeon here.
Found a bloodstained altar of Trog.
There is a shadowy altar of Dithmenos here.
Are you sure you want to abandon this character and quit the game? (Confirm with "yes".)

≈..........≈..........≈
≈≈≈.....⌂..≈..⌂.....≈≈≈
≈≈≈≈≈.............≈≈≈≈≈
≈≈≈≈≈≈≈.........≈≈≈≈≈≈≈
≈≈≈≈≈≈≈≈≈..<..≈≈≈≈≈≈≈≈≈
≈≈≈≈≈≈≈.........≈≈≈≈≈≈≈
≈≈≈≈≈.............≈≈≈≈≈
≈≈≈.....⌂..≈..⌂.....≈≈≈
≈......@...≈..........≈
......⌂...≈≈≈...⌂......
..........≈≈≈..........
....⌂....≈≈≈≈≈....⌂....
.........≈≈≈≈≈.........
..⌂.....≈≈≈≈≈≈≈.....⌂..
█.......≈≈≈≈≈≈≈.......█
██.....≈≈≈≈≈≈≈≈≈.....██


There were no monsters in sight!

Vanquished Creatures
  A centaur zombie (D:5)
  An orc wizard (D:4)
  An adder (D:2)
  A worm (D:4)
  4 orcs
  A goblin (D:1)
  A hobgoblin (D:1)
  A quokka (D:5)
  A frilled lizard (D:4)
  A kobold (D:2)
  2 rats
15 creatures vanquished.

Notes
Turn   | Place    | Note
-------+----------+-------------------------------------------
     0 | D:1      | Goblin1989 the Deep Elf Fire Elementalist began the quest for the Orb.
     0 | D:1      | Reached XP level 1. HP: 10/10 MP: 6/6
   297 | D:2      | Reached XP level 2. HP: 13/15 MP: 2/8
   461 | D:4      | Found a sparkling altar of Nemelex Xobeh.
   533 | D:4      | Reached skill level 4 in Fire Magic
   699 | D:4      | Reached XP level 3. HP: 14/19 MP: 2/10
   708 | D:5      | Entered Level 5 of the Dungeon
   726 | D:5      | Learned a level 3 spell: Conjure Flame
   730 | D:5      | Learned a level 3 spell: Inner Flame
   744 | D:5      | Found a staircase to the Ecumenical Temple.
   751 | D:5      | Reached XP level 4. HP: 5/24 MP: 1/11
   756 | Temple   | Entered the Ecumenical Temple
   785 | Temple   | Quit the game

Vault maps used:
D:1:      wheals_arrival_linesprint, minmay_crystal_room, minmay_pentomino_v2
D:2:      led_sif_pool, first_bread
D:4:      yredelemnul_forgotten_temple_becter, nemelex_xobeh_ov_fountains_minmay
D:5:      cheibrodos_barr_body, minmay_temple_entry_nine_rooms,
          hangedman_glass_teeth, uniq_menkaure, uniq_eustachio
Temple:   nicolae_temple_x_marks_the_god

Skill      XL: |  1  2 |
---------------+-------+-----
Fire Magic     | 4 |  4.5
Conjurations   | 2 |  2.8
Dodging        | |  2.4
Stealth        | |  2.4
Spellcasting   | |  3.8

Action                   |  1- 3 |  4- 6 || total
-------------------------+-------+-------++-------
Melee: Whip              |    13 |       ||    13
       Dagger            |     2 |       ||     2
 Cast: Flame Tongue      |    35 |     1 ||    36
 Stab: Sleeping          |     1 |       ||     1
Armor: Robe              |     5 |       ||     5
Dodge: Dodged            |    20 |       ||    20

Vault maps used:
D:1:      wheals_arrival_linesprint, minmay_crystal_room, minmay_pentomino_v2
D:2:      led_sif_pool, first_bread
D:4:      yredelemnul_forgotten_temple_becter, nemelex_xobeh_ov_fountains_minmay
D:5:      cheibrodos_barr_body, minmay_temple_entry_nine_rooms,
          hangedman_glass_teeth, uniq_menkaure, uniq_eustachio
Temple:   nicolae_temple_x_marks_the_god
